TOP OF THE 1ST |
Otsego HS Bulldogs batting - Pitching for John Jay HS Patriots : RHP John Mullally
|
Pitching: RHP John Mullally
|
|
Batting: RHB Miguel Vega
|
0-0: Called Strike 0-1: DOUBLE (Line Drive, 5D)
|
Batting: RHB Jody Stewart
|
0-0: Ball 1-0: Foul Ball, location: 2F 1-1: Ball 2-1: Ball 3-1: Base on Balls
|
Batting: RHB Dave Marshall
|
0-0: Ball 1-0: Swinging Strike 1-1: Swinging Strike 1-2: Ball Reached via error on a dropped throw, E6 Miguel Vega to third Jody Stewart to second
|
Batting: LHB Bill Poe
|
0-0: Foul Ball, location: 2F 0-1: Swinging Strike 0-2: Ball 1-2: Ball 2-2: Ball 3-2: Strikes out looking
|
Batting: RHB Matt Dundee
|
0-0: Ball 1-0: Called Strike 1-1: Ball 2-1: Ball 3-1: Called Strike 3-2: Foul Ball, location: 2F 3-2: Grounds into double play, 3-6-3 (Groundball, 3)
|
Top of the 1st over - 0 run(s), 1 hit(s), 1 error(s), 2 left on base; Otsego HS 0 - John Jay HS 0 |
BOTTOM OF THE 1ST |
John Jay HS Patriots batting - Pitching for Otsego HS Bulldogs : RHP Francisco Maldonado
|
Pitching: RHP Francisco Maldonado
|
|
Batting: RHB Nick Simmons
|
0-0: Called Strike Single, Error in OF, E8, batter to second base
|
Batting: LHB Christian Lovelass
|
0-0: Called Strike 0-1: Foul Ball, location: 2F 0-2: Ball 1-2: Ball 2-2: Ball 3-2: Base on Balls
|
Batting: RHB Marlon Hernández
|
0-0: Ball 1-0: Ball 2-0: Foul Ball, location: 2F 2-1: DOUBLE (Line Drive, 56) Nick Simmons scores Christian Lovelass to third
|
Batting: RHB Jeff Benson
|
0-0: Called Strike 0-1: Ball 1-1: Foul Ball, location: 2F 1-2: TRIPLE (Line Drive, 8RM) Christian Lovelass scores Marlon Hernández scores
|
Batting: RHB Weldon Bell
|
0-0: 2-RUN HOME RUN (Flyball, 89XD), Distance : 437 ft
|
Batting: RHB Jason Taylor
|
0-0: Called Strike 0-1: Swinging Strike 0-2: Strikes out looking
|
Batting: RHB Henry Catron
|
0-0: Called Strike 0-1: Fly out, F8 (Flyball, 8RS)
|
Batting: SHB Andre Keeler
|
0-0: Ball 1-0: Ball 2-0: SINGLE (Line Drive, 7S)
|
Batting: RHB Ken Williams
|
0-0: Ball 1-0: Fielders Choice at 2nd, 6-4 (Groundball, 6)
|
Bottom of the 1st over - 5 run(s), 5 hit(s), 1 error(s), 0 left on base; Otsego HS 0 - John Jay HS 5 |
TOP OF THE 2ND |
Otsego HS Bulldogs batting - Pitching for John Jay HS Patriots : RHP John Mullally
|
Batting: LHB Dave Wilkinson
|
0-0: Fly out, F8 (Flyball, 8RM)
|
Batting: RHB Michael Carr
|
0-0: Ground out 4-3 (Groundball, 4)
|
Batting: LHB José Serrano
|
0-0: Called Strike 0-1: DOUBLE (Groundball, 5L)
|
Batting: RHB Tim Anderson
|
0-0: Called Strike 0-1: Foul Ball, location: 2F 0-2: Ball 1-2: Fly out, F7 (Flyball, 78S)
|
Top of the 2nd over - 0 run(s), 1 hit(s), 0 error(s), 1 left on base; Otsego HS 0 - John Jay HS 5 |
BOTTOM OF THE 2ND |
John Jay HS Patriots batting - Pitching for Otsego HS Bulldogs : RHP Francisco Maldonado
|
Batting: RHB Nick Simmons
|
0-0: Ball 1-0: Fly out, F7 (Flyball, 7LM)
|
Batting: LHB Christian Lovelass
|
0-0: Ball 1-0: Called Strike 1-1: Ground out 4-3 (Groundball, 4M)
|
Batting: RHB Marlon Hernández
|
0-0: Called Strike 0-1: Ball 1-1: Ground out 1-3 (Groundball, 15S)
|
Bottom of the 2nd over - 0 run(s), 0 hit(s), 0 error(s), 0 left on base; Otsego HS 0 - John Jay HS 5 |
TOP OF THE 3RD |
Otsego HS Bulldogs batting - Pitching for John Jay HS Patriots : RHP John Mullally
|
Batting: RHB Miguel Vega
|
0-0: Ball 1-0: Ball 2-0: Foul Ball, location: 2F 2-1: Foul Ball, location: 2F 2-2: Foul Ball, location: 2F 2-2: Ball 3-2: Strikes out swinging
|
Batting: RHB Jody Stewart
|
0-0: Ball 1-0: Called Strike 1-1: Ball 2-1: Ball 3-1: Called Strike 3-2: SINGLE (Groundball, 4M)
|
Batting: RHB Dave Marshall
|
0-0: Called Strike 0-1: Called Strike 0-2: Ball 1-2: Ball 2-2: Ball 3-2: DOUBLE (Line Drive, 7LD) Jody Stewart to third
|
Batting: LHB Bill Poe
|
0-0: Foul Ball, location: 2F 0-1: Fly out, F8 (Flyball, 8LM) Runner from 3rd tags up, SCORES, throw made
|
Batting: RHB Matt Dundee
|
0-0: Called Strike 0-1: Fly out, F6 (Popup, 56D)
|
Top of the 3rd over - 1 run(s), 2 hit(s), 0 error(s), 1 left on base; Otsego HS 1 - John Jay HS 5 |
BOTTOM OF THE 3RD |
John Jay HS Patriots batting - Pitching for Otsego HS Bulldogs : RHP Francisco Maldonado
|
Batting: RHB Jeff Benson
|
0-0: Called Strike 0-1: Called Strike 0-2: Fly out, F8 (Flyball, 8RM)
|
Batting: RHB Weldon Bell
|
0-0: Ball 1-0: Called Strike 1-1: SOLO HOME RUN (Flyball, 8LXD) (Inside the Park)
|
Batting: RHB Jason Taylor
|
0-0: Called Strike 0-1: Ball 1-1: Swinging Strike 1-2: Foul Ball, location: 2F 1-2: Ball 2-2: TRIPLE (Line Drive, 7LM)
|
Batting: RHB Henry Catron
|
0-0: Ball 1-0: Fly out, F8 (Flyball, 8RM) Runner from 3rd tags up, SCORES, throw made
|
Batting: SHB Andre Keeler
|
0-0: Foul Ball, location: 2F 0-1: Ball 1-1: Ball 2-1: Fly out, F4 (Line Drive, 4)
|
Bottom of the 3rd over - 2 run(s), 2 hit(s), 0 error(s), 0 left on base; Otsego HS 1 - John Jay HS 7 |
TOP OF THE 4TH |
Otsego HS Bulldogs batting - Pitching for John Jay HS Patriots : RHP John Mullally
|
Batting: LHB Dave Wilkinson
|
0-0: Ball 1-0: Ball 2-0: Called Strike 2-1: Foul Ball, location: 2F 2-2: Strikes out swinging
|
Batting: RHB Michael Carr
|
0-0: Foul Ball, location: 2F 0-1: Foul Ball, location: 2F 0-2: Ball 1-2: Ball 2-2: Strikes out swinging
|
Batting: LHB José Serrano
|
0-0: Ball 1-0: Fly out, F5 (Popup, 25F)
|
Top of the 4th over - 0 run(s), 0 hit(s), 0 error(s), 0 left on base; Otsego HS 1 - John Jay HS 7 |
BOTTOM OF THE 4TH |
John Jay HS Patriots batting - Pitching for Otsego HS Bulldogs : RHP Francisco Maldonado
|
Pitching: LHP Melvin Smith
|
|
Batting: RHB Ken Williams
|
0-0: SINGLE (Groundball, 56)
|
Batting: RHB Nick Simmons
|
0-0: Called Strike 0-1: Called Strike 0-2: Ball 1-2: Ball 2-2: Ball 3-2: Fly out, F9 (Flyball, 9S)
|
Batting: LHB Christian Lovelass
|
0-0: Ball 1-0: Ball 2-0: Foul Ball, location: 2F 2-1: SINGLE (Groundball, 3L) Ken Williams to second Runner from 2nd tries for 3rd, OUT!
|
Batting: RHB Marlon Hernández
|
0-0: Called Strike 0-1: Swinging Strike 0-2: SINGLE (Line Drive, 5D) Christian Lovelass to second
|
Batting: RHB Jeff Benson
|
0-0: Called Strike 0-1: Ball 1-1: Fly out, F7 (Flyball, 78M)
|
Bottom of the 4th over - 0 run(s), 3 hit(s), 0 error(s), 2 left on base; Otsego HS 1 - John Jay HS 7 |
TOP OF THE 5TH |
Otsego HS Bulldogs batting - Pitching for John Jay HS Patriots : RHP John Mullally
|
Batting: RHB Tim Anderson
|
0-0: Foul Ball, location: 2F 0-1: Swinging Strike 0-2: Ball 1-2: Ball 2-2: Ball 3-2: Strikes out swinging
|
Batting: RHB Miguel Vega
|
0-0: SINGLE (Groundball, 56D)
|
Batting: RHB Jody Stewart
|
0-0: Called Strike 0-1: Ball Miguel Vega steals 2nd base 1-1: Foul Ball, location: 2F 1-2: Fly out, F3 (Popup, 3F)
|
Batting: RHB Dave Marshall
|
0-0: Hit by Pitch
|
Pitching: LHP César Román
|
|
Batting: LHB Bill Poe
|
0-0: Ball 1-0: Foul Ball, location: 2F 1-1: Foul Ball, location: 2F 1-2: Ball 2-2: Ball 3-2: Foul Ball, location: 2F 3-2: Fly out, F7 (Flyball, 78M)
|
Top of the 5th over - 0 run(s), 1 hit(s), 0 error(s), 2 left on base; Otsego HS 1 - John Jay HS 7 |
BOTTOM OF THE 5TH |
John Jay HS Patriots batting - Pitching for Otsego HS Bulldogs : LHP Melvin Smith
|
Batting: RHB Weldon Bell
|
0-0: Ball 1-0: Ground out 5-3 (Groundball, 56)
|
Batting: RHB Jason Taylor
|
0-0: Ball 1-0: Ball 2-0: Ball 3-0: Base on Balls
|
Batting: RHB Henry Catron
|
0-0: Ball 1-0: Foul Ball, location: 2F 1-1: Ball 2-1: Called Strike 2-2: Strikes out swinging
|
Batting: SHB Andre Keeler
|
0-0: Ball 1-0: Foul Ball, location: 2F 1-1: Ball 2-1: Foul Ball, location: 2F 2-2: Ball 3-2: Strikes out looking
|
Bottom of the 5th over - 0 run(s), 0 hit(s), 0 error(s), 1 left on base; Otsego HS 1 - John Jay HS 7 |
TOP OF THE 6TH |
Otsego HS Bulldogs batting - Pitching for John Jay HS Patriots : LHP César Román
|
Batting: RHB Matt Dundee
|
0-0: Ball 1-0: Swinging Strike 1-1: Ball 2-1: Ball 3-1: Called Strike 3-2: Base on Balls
|
Batting: LHB Dave Wilkinson
|
0-0: Ball 1-0: Ball 2-0: Called Strike 2-1: Ball 3-1: Foul Ball, location: 2F 3-2: Base on Balls Matt Dundee to second
|
Batting: RHB Michael Carr
|
0-0: Ball 1-0: Ball 2-0: Called Strike 2-1: SINGLE (Line Drive, 4D) Matt Dundee to third Dave Wilkinson to second
|
Batting: LHB José Serrano
|
0-0: Fly out, F7 (Popup, 7S)
|
Batting: RHB Tim Anderson
|
0-0: Foul Ball, location: 2F 0-1: Swinging Strike 0-2: Fly out, F9 (Flyball, 9LSF) Runner from 3rd tags up, SCORES, no throw
|
Batting: RHB Miguel Vega
|
0-0: Fly out, F9 (Flyball, 89M)
|
Top of the 6th over - 1 run(s), 1 hit(s), 0 error(s), 2 left on base; Otsego HS 2 - John Jay HS 7 |
BOTTOM OF THE 6TH |
John Jay HS Patriots batting - Pitching for Otsego HS Bulldogs : LHP Melvin Smith
|
Pitching: RHP Tyler Jones
|
|
Batting: RHB Ken Williams
|
0-0: Ball 1-0: Ball 2-0: Ball 3-0: Base on Balls
|
Batting: RHB Nick Simmons
|
0-0: Called Strike 0-1: Swinging Strike 0-2: Ball 1-2: Ball 2-2: Ball 3-2: TRIPLE (Flyball, 7M) Ken Williams scores
|
Batting: LHB Christian Lovelass
|
0-0: Ball 1-0: Ball 2-0: Ball 3-0: Called Strike 3-1: Base on Balls
|
Batting: RHB Marlon Hernández
|
0-0: Ball 1-0: DOUBLE (Line Drive, 7LS) Nick Simmons scores Christian Lovelass to third
|
Batting: RHB Jeff Benson
|
0-0: Called Strike 0-1: Foul Ball, location: 2F 0-2: Foul Ball, location: 2F 0-2: Ball 1-2: Foul Ball, location: 2F 1-2: Foul Ball, location: 2F 1-2: Foul Ball, location: 2F 1-2: Foul Ball, location: 2F 1-2: Ball 2-2: Fly out, F9 (Flyball, 89M) Runner from 3rd tags up, SCORES, no throw
|
Pitching: RHP Jorge Alarcon
|
|
Batting: RHB Weldon Bell
|
0-0: Ball 1-0: Called Strike 1-1: Foul Ball, location: 2F 1-2: Hit by Pitch
|
Batting: RHB Jason Taylor
|
0-0: Ball 1-0: Called Strike Marlon Hernández steals 3rd base Weldon Bell to second 1-1: Ball 2-1: Ball 3-1: Base on Balls
|
Batting: RHB Henry Catron
|
0-0: Ball 1-0: DOUBLE (Line Drive, 78XD) Marlon Hernández scores Weldon Bell scores Jason Taylor to third Runner from 3rd tries for Home, SAFE, throw made home
|
Batting: SHB Andre Keeler
|
0-0: Called Strike 0-1: Ball 1-1: Foul Ball, location: 2F 1-2: Strikes out swinging
|
Batting: RHB Ken Williams
|
0-0: Ball 1-0: Called Strike 1-1: Ground out 5-3 (Groundball, 56S)
|
Bottom of the 6th over - 6 run(s), 3 hit(s), 0 error(s), 1 left on base; Otsego HS 2 - John Jay HS 13 |
TOP OF THE 7TH |
Otsego HS Bulldogs batting - Pitching for John Jay HS Patriots : LHP César Román
|
Batting: RHB Jody Stewart
|
0-0: SOLO HOME RUN (Flyball, 7LD), Distance : 380 ft
|
Batting: RHB Dave Marshall
|
0-0: Ball 1-0: Ball 2-0: Called Strike 2-1: Fly out, F8 (Flyball, 8LM)
|
Batting: LHB Bill Poe
|
0-0: Fly out, F7 (Flyball, 7M)
|
Batting: RHB Matt Dundee
|
0-0: DOUBLE (Groundball, 5L)
|
Batting: LHB Dave Wilkinson
|
0-0: Foul Ball, location: 2F 0-1: Swinging Strike 0-2: Ball 1-2: Strikes out swinging
|
Top of the 7th over - 1 run(s), 2 hit(s), 0 error(s), 1 left on base; Otsego HS 3 - John Jay HS 13 |
BOTTOM OF THE 7TH |
John Jay HS Patriots batting - Pitching for Otsego HS Bulldogs : RHP Jorge Alarcon
|
Batting: RHB Nick Simmons
|
0-0: Ground out 6-3 (Groundball, 6)
|
Batting: LHB Christian Lovelass
|
0-0: Called Strike 0-1: Foul Ball, location: 2F 0-2: Ground out 3-1 (Groundball, 34S)
|
Batting: RHB Marlon Hernández
|
0-0: Foul Ball, location: 2F 0-1: Ball 1-1: Called Strike 1-2: Ground out 5-3 (Groundball, 5S)
|
Bottom of the 7th over - 0 run(s), 0 hit(s), 0 error(s), 0 left on base; Otsego HS 3 - John Jay HS 13 |
TOP OF THE 8TH |
Otsego HS Bulldogs batting - Pitching for John Jay HS Patriots : LHP César Román
|
Pitching: RHP Bill Dickerson
|
|
Batting: RHB Michael Carr
|
0-0: Called Strike 0-1: Ball 1-1: Ball 2-1: DOUBLE (Line Drive, 3D)
|
Batting: LHB José Serrano
|
0-0: Called Strike 0-1: Fly out, F4 (Popup, 89S)
|
Batting: RHB Tim Anderson
|
0-0: Ball 1-0: Foul Ball, location: 2F 1-1: Hit by Pitch
|
Batting: RHB Miguel Vega
|
0-0: Ball 1-0: Called Strike 1-1: Fly out, F9 (Flyball, 89M)
|
Batting: RHB Jody Stewart
|
0-0: Called Strike 0-1: Swinging Strike 0-2: Ball 1-2: Fly out, F9 (Flyball, 9LM)
|
Top of the 8th over - 0 run(s), 1 hit(s), 0 error(s), 2 left on base; Otsego HS 3 - John Jay HS 13 |
BOTTOM OF THE 8TH |
John Jay HS Patriots batting - Pitching for Otsego HS Bulldogs : RHP Jorge Alarcon
|
Batting: RHB Jeff Benson
|
0-0: Swinging Strike 0-1: Ball 1-1: Swinging Strike 1-2: Strikes out swinging
|
Pitching: RHP Bill Chambers
|
|
Batting: RHB Weldon Bell
|
0-0: Called Strike 0-1: Ball 1-1: Called Strike 1-2: Foul Ball, location: 2F 1-2: Ball 2-2: Ground out 4-3 (Groundball, 4M)
|
Batting: RHB Jason Taylor
|
0-0: DOUBLE (Line Drive, 5L)
|
Batting: RHB Henry Catron
|
0-0: Foul Ball, location: 2F 0-1: Ball 1-1: Ball 2-1: Ball 3-1: Base on Balls
|
Batting: SHB Andre Keeler
|
0-0: Ball 1-0: Called Strike 1-1: Ball 2-1: Called Strike 2-2: Ball 3-2: Strikes out swinging
|
Bottom of the 8th over - 0 run(s), 1 hit(s), 0 error(s), 2 left on base; Otsego HS 3 - John Jay HS 13 |
TOP OF THE 9TH |
Otsego HS Bulldogs batting - Pitching for John Jay HS Patriots : RHP Bill Dickerson
|
Batting: RHB Dave Marshall
|
0-0: Ball 1-0: Called Strike 1-1: Ball 2-1: Ball 3-1: Base on Balls
|
Batting: LHB Bill Poe
|
0-0: Ball 1-0: 2-RUN HOME RUN (Line Drive, 8LXD), Distance : 442 ft
|
Batting: RHB Matt Dundee
|
0-0: Ball 1-0: Ground out 5-3 (Groundball, 5)
|
Batting: LHB Dave Wilkinson
|
0-0: Ball 1-0: Called Strike 1-1: SINGLE (Groundball, 4MD)
|
Batting: RHB Michael Carr
|
0-0: Ball 1-0: SINGLE (Groundball, 4MD) Dave Wilkinson to second
|
Batting: LHB José Serrano
|
0-0: Called Strike 0-1: Fly out, F8 (Line Drive, 8RM)
|
Batting: RHB Tim Anderson
|
0-0: Ball 1-0: Foul Ball, location: 2F 1-1: Ball 2-1: Ball 3-1: Base on Balls Dave Wilkinson to third Michael Carr to second
|
Batting: RHB Miguel Vega
|
0-0: Ball 1-0: Foul Ball, location: 2F 1-1: Ball 2-1: Foul Ball, location: 2F 2-2: SINGLE (Groundball, 56) Dave Wilkinson scores Michael Carr to third Tim Anderson to second Runner from 3rd tries for Home, SAFE, no throw or cutoff
|
Batting: RHB Jody Stewart
|
0-0: Swinging Strike 0-1: Ball 1-1: DOUBLE (Flyball, 78D) Tim Anderson scores Miguel Vega to third Runner from 3rd tries for Home, SAFE, no throw or cutoff
|
Pitching: RHP R.J. McAlduie
|
|
Batting: RHB Dave Marshall
|
0-0: Swinging Strike 0-1: Fly out, F4 (Popup, 4D)
|
Top of the 9th over - 6 run(s), 5 hit(s), 0 error(s), 1 left on base; Otsego HS 9 - John Jay HS 13 |
|